 Dungeon Sprint DCSS version 0.30-a0-802-gb92711bcdf (webtiles) character file.

Game seed: 16245100697677890340

731 Juicyj the Fighter (level 7, -6/66 HPs)
             Began as a Minotaur Fighter on Feb 24, 2023.
             Killed from afar by an electric eel (15 damage)
             ... with a bolt of electricity
             ... in the Dungeon (Sprint II: "The Violet Keep of Menkaure").
             The game lasted 00:04:01 (251 turns).

Juicyj the Fighter (Minotaur Fighter)                Turns: 251, Time: 00:04:01

Health: -6/66      AC:  8    Str: 22    XL:     7   Next: 45%
Magic:  4/4        EV: 10    Int:  5    God:
Gold:   243        SH:  6    Dex: 10    Spells: 6/6 levels left

rFire   . . .      SeeInvis .    a - +0 trident
rCold   x . .      Faith    .    c - +0 buckler
rNeg    . . .      Spirit   .    b - +0 scale mail
rPois   .          Reflect  .    (helmet restricted)
rElec   .          Harm     .    (no cloak)
rCorr   .          Rampage  .    (no gloves)
Will    .....      NoTele   +    (no boots) Stlth
                                 (no amulet)
HPRegen 0.00/turn                (no ring)
MPRegen 0.09/turn                (no ring)

@: inhibited regen
A: horns 2, retaliatory headbutt, frail 1, low MP 2, inhibited regeneration,
cold vulnerability 1
a: no special abilities


You were in the Dungeon.
You visited 1 branch You collected 243 gold pieces.

Inventory:

Hand Weapons
 a - a +0 trident (weapon)
Armour
 b - a +0 scale mail (worn)
 c - a +0 buckler (worn)
Scrolls
 f - a scroll of identify {unknown}
Potions
 d - a potion of might
 h - 2 potions of magic


   Skills:
 + Level 11.4 Fighting
 + Level 7.9 Polearms
 + Level 10.7 Armour
 + Level 0.7 Dodging
 + Level 11.1 Shields


You had 6 spell levels left.
You didn't know any spells.
Your spell library was empty.

Dungeon Overview and Level Annotations

Branches:
Dungeon (1/1)

Altars:

Shops:
D [!:?=(=(:[!*[*[

Annotations:
D exclusion: oklob plant


Innate Abilities, Weirdness & Mutations

You have a pair of horns on your head.
You reflexively headbutt those who attack you in melee.
You are frail. (-10% HP)
Your magical capacity is very low. (-20% MP)
You do not regenerate when monsters are visible.
You are vulnerable to cold. (rC-)


Message History

The boulder beetle curls into a ball and begins rolling!
You close the door, pushing everything out of the way.
You open the door.
The boulder beetle hits you but does no damage.
The boulder beetle stops rolling and uncurls.
There's a creature in the doorway!
Your unstable footing causes you to fumble your attack.
The boulder beetle bites you!
You hit the boulder beetle but do no damage.
The boulder beetle bites you!
You hit the boulder beetle but do no damage.
Your unstable footing causes you to fumble your attack.
The boulder beetle bites you.
You hit the boulder beetle but do no damage.
You headbutt the boulder beetle.
The boulder beetle is lightly wounded.
You block the boulder beetle's attack.
You hit the boulder beetle but do no damage.
You headbutt the boulder beetle, but do no damage.
The boulder beetle is lightly wounded.
The boulder beetle closely misses you.
Your unstable footing causes you to fumble your attack.
The boulder beetle bites you!!
You hit the boulder beetle but do no damage.
You headbutt the boulder beetle, but do no damage.
The boulder beetle is lightly wounded.
The boulder beetle waves its antennae.
You block the boulder beetle's attack.
You feel better. The boulder beetle bites you!!
* * * LOW HITPOINT WARNING * * *
Blink to where?
Press: ? - help, Q - select action, (/) - cycle Dir - move target Splash!
As you read the scroll of blinking, it crumbles to dust.
The boulder beetle curls into a ball and begins rolling!
You open the gate. 9 electric eels come into view.
The electric eel shoots out a bolt of lightning at you!
The bolt of electricity hits you!
You die...

####+#### ##§§≈§≈§≈#
#§§≈≈≈SSS≈ §§§≈S§§§≈
###§S§≈S§§≈≈
#~##S§≈S§S≈#
############~~#'''#+++#
###########~~~.@.......
##.......∩#~~~~.##+##..
##∩.....∩.#~~B~## .##
##.∩...∩.∩#~○~~#.# .w
##∩.∩.∩...#°~###


w#w ##.∩.∩.∩..#°##B###+# ##..∩.∩...#~#°..##.## ##...⌠...†'§+# #+.<.+
##........#~#..$##.## You could see a boulder beetle (rolling) and 9 electric
eels.

Vanquished Creatures
  4 neqoxecs (D)
  2 water moccasins (D)
  A scorpion (D)
7 creatures vanquished.

Notes
Turn   | Place    | Note
-------+----------+-------------------------------------------
     0 | D        | Juicyj the Minotaur Fighter began the quest for the Orb.
     0 | D        | Reached XP level 1. HP: 19/19 MP: 0/0
     1 | D        | Noticed a boulder beetle
     1 | D        | Noticed a boulder beetle
     5 | D        | Noticed a neqoxec
     5 | D        | Noticed a neqoxec
     5 | D        | Noticed a neqoxec
     5 | D        | Noticed a neqoxec
     9 | D        | Gained mutation: You are vulnerable to cold. (rC-) [a
                  | neqoxec]
    20 | D        | Killed a neqoxec
    20 | D        | Gained mutation: Your magical capacity is low. (-10% MP) [a
                  | neqoxec]
    21 | D        | Reached XP level 2. HP: 34/34 MP: 0/0
    21 | D        | Reached XP level 3. HP: 39/39 MP: 1/1
    21 | D        | Reached XP level 4. HP: 47/47 MP: 2/2
    25 | D        | Killed a neqoxec
    25 | D        | Gained mutation: You are frail. (-10% HP) [a neqoxec]
    26 | D        | Reached skill level 5 in Polearms
    26 | D        | Reached XP level 5. HP: 51/51 MP: 3/3
    27 | D        | Gained mutation: You do not regenerate when monsters are
                  | visible. [a neqoxec]
    32 | D        | Gained mutation: Your magical capacity is very low. (-20%
                  | MP) [a neqoxec]
    34 | D        | Killed a neqoxec
    35 | D        | Reached skill level 10 in Fighting
    35 | D        | Reached XP level 6. HP: 41/59 MP: 3/3
    36 | D        | Killed a neqoxec
    37 | D        | Reached skill level 10 in Armour
    37 | D        | Reached skill level 10 in Shields
    99 | D        | Noticed a flying skull
    99 | D        | Noticed a flying skull
    99 | D        | Noticed a flying skull
    99 | D        | Noticed a flying skull
    99 | D        | Noticed a flying skull
    99 | D        | Noticed a flying skull
   100 | D        | Noticed a flying skull
   100 | D        | Noticed a flying skull
   100 | D        | Noticed a flying skull
   100 | D        | Noticed a flying skull
   100 | D        | Noticed a flying skull
   101 | D        | Noticed a flying skull
   107 | D        | Found Hoxzofoq's Assorted Antiques.
   109 | D        | Found Zongim's Armour Emporium.
   109 | D        | Found Cetuir's Book Shoppe.
   110 | D        | Found Zanues's Weapon Shoppe.
   114 | D        | Reached XP level 7. HP: 65/65 MP: 4/4
   120 | D        | Found Ukhliraxt's Antique Armour Emporium.
   120 | D        | Found Asip's Distillery.
   137 | D        | Found Ququf's Jewellery Shoppe.
   137 | D        | Found Aleir's Antique Weapon Emporium.
   137 | D        | Found Uthrocw's Antique Armour Shoppe.
   138 | D        | Found Feastru's Assorted Antiques.
   141 | D        | Found Ugaucwu's Jewellery Emporium.
   141 | D        | Found Rydod's Magic Scroll Shoppe.
   141 | D        | Noticed an oklob plant
   142 | D        | Found Vatuit's Distillery.
   142 | D        | Found Kaeriafo's Book Shoppe.
   142 | D        | Found Xiczojova's Antique Armour Emporium.
   144 | D        | Noticed a cane toad
   145 | D        | Noticed a cane toad
   148 | D        | Noticed a manticore
   148 | D        | Noticed a manticore
   251 | D        | Killed from afar by an electric eel

Illustrated notes

Levels and vault maps discovered:
D:        the_violet_keep_of_menkaure [sprint2_stairs_cluster_1,
          sprint2_shoproom, sprint2_temple, sprint2_basic_supplies,
          sprint2_obstacle_1, sprint2_obstacle_3, sprint2_obstacle_7,
          sprint2_obstacle_5, sprint2_obstacle_2, sprint2_timed_cluster_1,
          sprint2_smallroom_cluster_1, sprint2_smallroom_final_cluster_1,
          sprint2_transparent_cluster_1, sprint2_second_timed_cluster_1,
          sprint2_sniper_area_1, sprint2_heavy_combat_area_1,
          sprint2_mutation_trap_area_1, sprint2_forest_area_1,
          sprint2_light_combat_area_1, sprint2_behind_water_1,
          sprint2_near_end_vault_1]

Skill      XL: |  1  2  3  4  5  6  7 |
---------------+----------------------+-----
Fighting       | 7 9 10 11 | 11.4
Polearms       | 4 5 6 7 |  7.9
Armour         | 7 8 9 10 | 10.7
Shields        | 7 8 9 10 11 | 11.1
Dodging        | |  0.7

Action                     |  1- 3 |  4- 6 |  7- 9 || total
---------------------------+-------+-------+-------++-------
  Melee: Trident           |    12 |    16 |    34 ||    62
         Headbutt          |     3 |     4 |     5 ||    12
    Use: Potion            |     3 |       |     1 ||     4
         Scroll            |       |       |     1 ||     1
 Armour: Scale mail        |     1 |     2 |     7 ||    10
  Dodge: Dodged            |     3 |     4 |    11 ||    18
  Block: Buckler           |     2 |     1 |    14 ||    17

Table legend: (Time is in decaauts)
 A = Elapsed time spent in this place.
 B = Non-inter-level travel time spent in this place.
 C = Inter-level travel time spent in this place.
 D = Time resting spent in this place.
 E = Time spent auto-exploring this place.
 F = Levels seen in this place.
 G = Mean time per level.
                   A        B        C        D        E       F      G
               +--------+--------+--------+--------+--------+-----+--------+
         Total |    261 |    257 |      4 |     72 |     25 |   1 |  261.0 |
       Dungeon |    261 |    257 |      4 |     72 |     25 |   1 |  261.0 |
               +--------+--------+--------+--------+--------+-----+--------+

Top non-repeatable levels by time:
       D: 261 daAuts
